 Dungeon Crawl Stone Soup version 0.19-a0-944-gb338e1e (webtiles) character file.

3286 zero the Carver (level 9, -5/82 HPs)
             Began as a Minotaur Gladiator on July 8, 2016.
             Was a Believer of Makhleb.
             Slain by an orc warrior
             ... wielding a +0 dire flail
              (10 damage)
             ... on level 9 of the Dungeon on July 9, 2016.
             The game lasted 00:10:01 (7719 turns).

zero the Carver (Minotaur Gladiator)                Turns: 7719, Time: 00:10:02

Health: -5/82      AC: 14    Str: 23    XL:     9   Next: 69%
Magic:  12/12      EV:  9    Int:  5    God:    Makhleb [**....]
Gold:   453        SH:  0    Dex: 11    Spells: 0 memorised, 8 levels left

rFire  . . .     SeeInvis .     a - +3 long sword
rCold  . . .     Gourm    .     B - +2 chain mail {MR+}
rNeg   . . .     Faith    .     (no shield)
rPois  .         Spirit   .     c - +2 hat
rElec  .         Dismiss  .     g - +1 cloak
rCorr  .         Reflect  .     (no gloves)
SustAt .         Harm     .     (no boots)
MR     ++...                    (no amulet)
Stlth  ..........               n - ring of loudness (curse)
                                x - ring of protection from magic

@: very resistant to hostile enchantments, extremely unstealthy
A: retaliatory headbutt, horns 2
a: Minor Destruction, Renounce Religion


You were on level 9 of the Dungeon.
You worshipped Makhleb.
Makhleb was pleased with you.
You were not hungry.

You visited 2 branches of the dungeon, and saw 10 of its levels.

You collected 453 gold pieces.

Inventory:

Hand Weapons
 a - a +3 long sword (weapon)
Missiles
 d - 2 throwing nets (quivered)
Armour
 c - a +2 hat (worn)
 g - a +1 cloak (worn)
 B - a +2 chain mail of magic resistance (worn)
Jewellery
 n - a cursed ring of loudness (right hand)
 o - an uncursed ring of resist corrosion
 x - a ring of protection from magic (left hand)
Wands
 j - a wand of iceblast (9/15)
 p - a wand of random effects (17/48)
 s - a wand of slowing (48/48)
 v - a wand of paralysis (13/24)
 y - a wand of slowing (12/48)
Scrolls
 b - 2 scrolls of teleportation
 k - 11 scrolls of identify
 u - 2 scrolls of blinking
Potions
 e - 2 potions of curing
 i - 3 potions of cure mutation
 m - a potion of agility
Comestibles
 f - 10 bread rations
 h - 2 royal jellies
 l - 7 fruits


   Skills:
 + Level 8.7 Fighting
 * Level 12.0 Long Blades
 - Level 2.0 Throwing
 - Level 3.2 Dodging
 * Level 6.5 Invocations


You had 8 spell levels left.
You didn't know any spells.

Dungeon Overview and Level Annotations

Branches:
Dungeon (9/15)             Temple (1/1) D:5            Lair (0/6) D:8
    Orc: D:9-12

Altars:
Ashenzari
Cheibriados
Dithmenos
Elyvilon
Fedhas
Gozag
Hepliaklqana
Kikubaaqudgha
Makhleb
Nemelex Xobeh
Okawaru
Pakellas
Qazlal
Ru
Sif Muna
Trog
Uskayaw
Vehumet
Xom
Yredelemnul
Zin
The Shining One

Shops:
D:4 *

Annotations:
D:3 Grinder
D:9 Erica


Innate Abilities, Weirdness & Mutations

You reflexively headbutt those who attack you in melee.
You have a pair of horns on your head.


Message History

* * * LOW HITPOINT WARNING * * *
Something completely misses you.
You closely miss Erica.
Erica is severely wounded.
Something hits you but does no damage.
The orc warrior hits you with a dire flail.
* * * LOW HITPOINT WARNING * * *
Erica hits you with a scimitar of flaming!
* * * LOW HITPOINT WARNING * * *
Erica burns you.
* * * LOW HITPOINT WARNING * * *
Your chain mail prevents you from hitting Erica.
You headbutt Erica.
Erica is severely wounded.
The orc barely misses you.
You riposte.
You hit the orc. Your headbutt misses the orc.
The orc is severely wounded.
Something hits you but does no damage. x2
The orc warrior hits you with a dire flail!
You die...

#.... #... #...
###+# #..[ #...#
#..#####...#
.#####..#.......#
........'.......#
.......o###.....#
......{@o.#.....#
###+#.)@..###<..#
#.......#####
#..........
#..........
#..........
#..........
#.........#


You could see Erica, an orc warrior and an orc.

Vanquished Creatures
  Psyche (D:8)
  The ghost of tstbtto the Slasher, an amateur HEFi (D:4)
  A spriggan (D:8)
  2 orc warriors
  A sky beast (D:8)
  2 necrophages (D:7)
  2 ice beasts
  An ogre (D:5)
  The ghost of Aquadorian the Caller, an amateur HOSu (D:3)
  2 giant frogs
  A gnoll sergeant (D:6)
  2 water moccasin zombies
  A wyvern skeleton (D:7)
  4 scorpions
  2 wights (D:7)
  4 howler monkeys
  2 crimson imps (D:7)
  A jelly (D:8)
  A centaur zombie (D:7)
  A giant frog skeleton (D:4)
  4 hounds
  9 orc wizards
  2 orc priests
  Jessica (D:2)
  A worker ant (D:8)
  An iguana (D:8)
  Natasha (twice) (D:2)
  A worker ant zombie (D:6)
  15 gnolls
  5 adders
  A shadow imp (D:6)
  An ooze (D:7)
  An adder skeleton (D:9)
  5 worms
  27 orcs
  4 giant cockroaches
  4 goblins
  4 hobgoblins
  2 jackals (D:1)
  2 kobolds (D:1)
  5 quokkas
  A ball python (D:3)
  7 bats
  A giant gecko zombie (D:6)
  3 giant newts
  A jackal zombie (D:5)
  A quokka zombie (D:7)
  6 rats
150 creatures vanquished.

Vanquished Creatures (others)
  A plant (D:5)
1 creature vanquished.

Grand Total: 151 creatures vanquished

Notes
Turn   | Place    | Note
-------+----------+-------------------------------------------
     0 | D:1      | zero the Minotaur Gladiator began the quest for the Orb.
     0 | D:1      | Reached XP level 1. HP: 18/18 MP: 0/0
    47 | D:1      | Reached skill level 4 in Long Blades
    96 | D:1      | Reached XP level 2. HP: 25/25 MP: 1/1
   832 | D:2      | Reached skill level 5 in Long Blades
   832 | D:2      | Reached XP level 3. HP: 29/30 MP: 2/2
   841 | D:2      | Found a shimmering altar of Xom.
   918 | D:2      | Noticed Jessica
   923 | D:2      | Killed Jessica
   933 | D:2      | Reached XP level 4. HP: 28/38 MP: 3/3
  1103 | D:2      | Noticed Natasha
  1117 | D:2      | Killed Natasha
  1180 | D:2      | Noticed Natasha
  1181 | D:2      | Reached skill level 6 in Long Blades
  1185 | D:2      | Killed Natasha
  1190 | D:2      | Reached XP level 5. HP: 28/46 MP: 4/4
  1712 | D:3      | Noticed Aquadorian's ghost (amateur HOSu)
  1723 | D:3      | Killed Aquadorian's ghost
  1832 | D:3      | Noticed Grinder
  1833 | D:3      | Paralysed by Grinder for 6 turns
  1841 | D:3      | HP: 1/47 [Grinder (3)]
  2080 | D:4      | Reached skill level 7 in Long Blades
  2212 | D:4      | Reached XP level 6. HP: 42/53 MP: 5/5
  2625 | D:4      | Reached skill level 5 in Fighting
  2753 | D:4      | Reached skill level 8 in Long Blades
  2946 | D:4      | Found Tazxica's Assorted Antiques.
  3074 | D:4      | Noticed tstbtto's ghost (amateur HEFi)
  3086 | D:4      | Killed tstbtto's ghost
  3086 | D:4      | Reached XP level 7. HP: 35/62 MP: 6/6
  3179 | D:5      | Entered Level 5 of the Dungeon
  3229 | D:5      | Found a shattered altar of Ashenzari.
  3260 | D:5      | Reached skill level 9 in Long Blades
  3686 | D:5      | Found a staircase to the Ecumenical Temple.
  3797 | Temple   | Entered the Ecumenical Temple
  4007 | Temple   | Became a worshipper of Makhleb the Destroyer
  4362 | D:5      | Reached skill level 1 in Invocations
  4362 | D:5      | Reached XP level 8. HP: 71/71 MP: 7/7
  4520 | D:6      | Reached skill level 10 in Long Blades
  4534 | D:6      | HP: 5/109 [gnoll/halberd (1)]
  4534 | D:6      | HP: 2/109 [gnoll (3)]
  5195 | D:6      | Found an oddly glowing altar of Pakellas.
  5341 | D:6      | Reached * piety under Makhleb
  5783 | D:7      | Got a jewelled glaive
  5784 | D:7      | Identified the +8 glaive of the Hummingbird {freeze, rPois rC+ Int+4} (You found it on level 7 of the Dungeon)
  6224 | D:7      | Reached skill level 11 in Long Blades
  6224 | D:7      | Reached XP level 9. HP: 79/80 MP: 11/11
  6587 | D:7      | Reached skill level 5 in Invocations
  6753 | D:8      | Found a white marble altar of Elyvilon.
  6810 | D:8      | Reached ** piety under Makhleb
  7312 | D:8      | Noticed Psyche
  7316 | D:8      | Killed Psyche
  7332 | D:8      | Found a staircase to the Lair.
  7672 | D:8      | Reached skill level 12 in Long Blades
  7704 | D:9      | Noticed Erica
  7719 | D:9      | Slain by an orc warrior

Vault maps used:
D:1:      matt_arrival_spirals
D:2:      lemuel_doored_altar, uniq_natasha, uniq_jessica
D:3:      kennysheep_generic_room_13, uniq_robin, uniq_grinder
D:4:      serial_shops, nicolae_shop_overgrown_old_shop,
          hangedman_abyss_or_decor_jellyfish_corner
D:5:      lemuel_ice_spiral_2, evilmike_ruin_ashenzari, first_bread,
          kennysheep_cluttered_room, columned_hall_lemuel, serial_bayou_pond_d
D:6:      grunt_pakellas_basics
D:7:      serial_undead, serial_undead_a, serial_undead_f, serial_undead_f,
          serial_undead_b
D:8:      elyvilon_altar_4, lair_0_dummy, the_bakery, uniq_psyche
D:9:      grunt_ministairs_11, uniq_joseph, uniq_erica
Temple:   dpeg_five_rooms_temple

Skill      XL: |  1  2  3  4  5  6  7  8  9 |
---------------+----------------------------+-----
Long Blades    | 4 5 6 7 8 9 11 12 | 12.0
Fighting       | 3 4 5 6 7 8 |  8.7
Invocations    | 1 4 6 |  6.5
Throwing       | |  2.0
Dodging        | |  3.2

Action                   |  1- 3 |  4- 6 |  7- 9 || total
-------------------------+-------+-------+-------++-------
Melee: Long sword        |    53 |   139 |   343 ||   535
       Headbutt          |     1 |    29 |    64 ||    94
       Glaive            |       |       |     8 ||     8
Throw: Throwing net      |       |       |     1 ||     1
Evoke: Wand              |       |       |     1 ||     1
  Use: Scroll            |       |     4 |    11 ||    15
       Potion            |       |     6 |     6 ||    12
  Eat: Chunk             |       |     4 |     2 ||     6
       Fruit             |       |     4 |     2 ||     6
       Beef jerky        |       |       |     2 ||     2
       Meat ration       |       |       |     1 ||     1
       Pizza             |       |       |     2 ||     2
Armor: Leather armour    |    10 |    17 |       ||    27
       Ring mail         |       |    18 |    10 ||    28
       Chain mail        |       |       |   110 ||   110
       Skin              |       |       |    20 ||    20
Dodge: Dodged            |    31 |    67 |   135 ||   233
